[Event "Early-Titled-Tuesday-Blitz-September-05-2023"]
[Site "Chess.com"]
[Date "2023.09.05"]
[Round "6"]
[White "abelmat"]
[Black "Witty_Alien"]
[Result "1-0"]
[WhiteElo "1956"]
[BlackElo "2173"]
[TimeControl "180+1"]
[EndTime "9:05:39 PDT"]
[Termination "abelmat won on time"]

1. d4 e5 2. c3 e4 3. c4 c6 4. Nc3 d5 5. e3 Nf6 6. Nge2 Bd6 7. c5 Bc7 8. Bd2 Ng4 9. Ng3 h5 10. Be2 Nxh2 11. Nxh5 g6 12. g3 Nf3+ 13. Bxf3 exf3 14. Ng7+ Ke7 15. Qxf3 Bg4 16. Qg2 Rxh1+ 17. Qxh1 Kd7 18.
Qh6 f5 19. Qf4 1-0

[Event "Early-Titled-Tuesday-Blitz-September-05-2023"]
[Site "Chess.com"]
[Date "2023.09.05"]
[Round "6"]
[White "hongnhung1234"]
[Black "play1ngtheangel"]
[Result "0-1"]
[WhiteElo "2529"]
[BlackElo "2661"]
[TimeControl "180+1"]
[EndTime "9:05:42 PDT"]
[Termination "play1ngtheangel won by resignation"]

1. e4 c5 2. Nc3 Nc6 3. Bb5 Nd4 4.
Bc4 e6 5. Nge2 Ne7 6. O-O g6 7. d3 Bg7 8. Nxd4 cxd4 9. Nb5 d6 10. c3 dxc3 11. Nxc3 O-O 12. d4 d5 13. exd5 exd5 14.
Bb3 Be6 15. Bg5 h6 16. Bxe7 Qxe7 17. Nxd5 Qd6 18. Qf3 Rfd8 19. Rfe1 Kh8 20. Rad1 a5 21. Nf4 Bxb3 22. axb3 b5 23. g3 Ra7 24. Ne2 Qb4 25.
d5 Rad7 26. Nc3 Qxb3 27. Rd3 Qxb2 28. Red1 b4 29. Ne4 a4 30. d6 a3 31. Nc5 a2 32.
Nxd7 Rxd7 33. Qa8+ Kh7 34. Qa4 a1=Q 35. Rxa1 Qxa1+ 36. Qxa1 Bxa1 37. Kf1 Bc3 38. Ke2 Kg7 39. f4 Kf6 40.
Kd1 Ke6 41. Kc2 Rxd6 42. Re3+ Kd7 43. Kb3 Rd2 44. h4 Rb2+ 45. Kc4 Bf6 46. Rd3+ Ke8 47.
Rd5 b3 48. Rb5 Rc2+ 49. Kd3 Rc3+ 50. Ke4 b2 51. Rb6 Rc6 52. Rb8+ Kd7 53. h5 Kc7 54. Rb3 Rb6 0-1

[Event "Early-Titled-Tuesday-Blitz-September-05-2023"]
[Site "Chess.com"]
[Date "2023.09.05"]
[Round "6"]
[White "HeinichessPY"]
[Black "Manukyan_Artak"]
[Result "0-1"]
[WhiteElo "2220"]
[BlackElo "2454"]
[TimeControl "180+1"]
[EndTime "9:05:43 PDT"]
[Termination "Manukyan_Artak won on time"]

1. e4 c6 2. d4 d5 3. exd5 cxd5 4.
Bd3 Nc6 5. c3 e5 6. dxe5 Nxe5 7.
Be2 Nf6 8. Bf4 Bd6 9. Bxe5 Bxe5 10. Nf3 Bc7 11. O-O O-O 12. Nbd2 Re8 13. Re1 Bf5 14. Nf1 Bb6 15. Ng3 Be6 16. Nd4 Qc7 17. Bb5 Rf8 18.
Nh5 Bxd4 19. cxd4 Nxh5 20. Qxh5 Qb6 21. Bd3 g6 22. Qh6 Qxd4 23. Rad1 Qxb2 24. h4 Rae8 25. h5 Qg7 26. Qe3 b6 27. h6 Qf6 28. Bb5 Bd7 29. Qxe8 Rxe8 30. Bxd7 Re4 31. Rxe4 dxe4 32. Bc6 e3 33.
fxe3 Qg5 0-1

[Event "Early-Titled-Tuesday-Blitz-September-05-2023"]
[Site "Chess.com"]
[Date "2023.09.05"]
[Round "6"]
[White "ArmanGhevondyanchess"]
[Black "SpongeBob_03"]
[Result "1-0"]
[WhiteElo "2457"]
[BlackElo "2215"]
[TimeControl "180+1"]
[EndTime "9:05:43 PDT"]
[Termination "ArmanGhevondyanchess won by checkmate"]

1. Nf3 d5 2. d4 Nf6 3. g3 e6 4. Bg2 c5 5. O-O Nc6 6. c4 b6 7.
Nc3 Bb7 8. cxd5 exd5 9. b3 Be7 10. Bb2 O-O 11. Rc1 Qc7 12. dxc5 bxc5 13. Nxd5 Nxd5 14.
Qxd5 Nb4 15. Qh5 Nxa2 16. Rc4 Nb4 17. Ng5 h6 18. Bxb7 Qxb7 19. Bxg7 Kxg7 20. Ne6+ fxe6 21.
Rg4+ Bg5 22. f4 Qf7 23. Qh3 Qg6 24. Qg2 Rad8 25. h4 Nd5 26. hxg5 Ne3 27. gxh6+ Kh7 28. Rxg6 Nxg2 29. Rxe6 Rde8 30. Rxe8 Rxe8 31. Kxg2 Rxe2+ 32. Kf3 Rb2 33. Ra1 Rxb3+ 34. Kg4 Rb7 35. Kg5 c4 36. f5 c3 37. g4 c2 38. Rc1 Rc7 39. Kh5 a5 40. g5 a4 41. g6+ Kg8 42. h7+ Kh8 43. Kh6 a3 44. Rxc2 a2 45. Rxc7 a1=Q 46. Rc8# 1-0

[Event "Early-Titled-Tuesday-Blitz-September-05-2023"]
[Site "Chess.com"]
[Date "2023.09.05"]
[Round "6"]
[White "PawnEatingZombie"]
[Black "cottage_cheese"]
[Result "0-1"]
[WhiteElo "2048"]
[BlackElo "2318"]
[TimeControl "180+1"]
[EndTime "9:05:43 PDT"]
[Termination "cottage_cheese won by resignation"]

1. e4 e5 2. Nf3 Nc6 3. d4 exd4 4. Nxd4 Bc5 5. Be3 Qf6 6. Nb5 Bxe3 7. fxe3 Qh4+ 8. Kd2 Qd8 9. N1c3 a6 10. Nd4 Nf6 11.
a4 O-O 12. Bc4 Qe7 13. Qf3 Ne5 14. Qe2 Nxc4+ 15. Qxc4 Nxe4+ 16. Nxe4 Qxe4 17. Qxc7 d5 18. Rae1 Bf5 19. Qf4 Qxg2+ 20. Kc1 Bg6 21. Rhg1 Qe4 22. Qxe4 Bxe4 23. h4 Rac8 24. c3 Rfd8 25. Kd2 Rd6 26. Ref1 Rh6 27. Rf4 Rb6 28. b4 a5 29. b5 Rg6 30.
Rxg6 hxg6 31. Nb3 b6 32. Nd4 Rc4 0-1

[Event "Early-Titled-Tuesday-Blitz-September-05-2023"]
[Site "Chess.com"]
[Date "2023.09.05"]
[Round "6"]
[White "whiteglovethief"]
[Black "amanjazu"]
[Result "1-0"]
[WhiteElo "2522"]
[BlackElo "2360"]
[TimeControl "180+1"]
[EndTime "9:05:44 PDT"]
[Termination "whiteglovethief won by resignation"]

1. d4 f5 2. g3 Nf6 3. Bg2 g6 4. Nh3 Bg7 5. Nf4 O-O 6. h4 Bh8 7.
h5 g5 8. Nd3 h6 9. f4 g4 10.
Ne5 Bg7 11. c4 d6 12. Ng6 Re8 13. Nc3 c6 14. e4 fxe4 15. Nxe4 Bf5 16. Qe2 Nbd7 17.
Bd2 Qb6 18. Bc3 e5 19. c5 dxc5 20. dxe5 Nd5 21. Nd6 Nxc3 22. bxc3 Bxg6 23. hxg6 Nxe5 24.
Nxe8 Rxe8 25. fxe5 Rxe5 26. Be4 c4 27. Qxc4+ Kh8 28.
O-O-O Qe3+ 29. Kb2 Rb5+ 30. Kc2 Qf2+ 31. Rd2 Rb2+ 32. Kxb2 Qxd2+ 33. Kb3 b5 34. Qd3 1-0

[Event "Early-Titled-Tuesday-Blitz-September-05-2023"]
[Site "Chess.com"]
[Date "2023.09.05"]
[Round "6"]
[White "esrosenberg"]
[Black "ErikRonka"]
[Result "0-1"]
[WhiteElo "2389"]
[BlackElo "2496"]
[TimeControl "180+1"]
[EndTime "9:05:46 PDT"]
[Termination "ErikRonka won by resignation"]

1. d4 d5 2. Nf3 Nf6 3. Bg5 Ne4 4. Bh4 f6 5. Nfd2 Bf5 6. Nc3 Nxc3 7. bxc3 c6 8. f3 Nd7 9. e4 Bg6 10. c4 e6 11. Bd3 Be7 12. O-O O-O 13. Re1 Bf7 14.
Rb1 b6 15. a4 Qc7 16. exd5 cxd5 17. cxd5 e5 18. dxe5 Nxe5 19. Be4 Rad8 20. f4 Ng6 21.
Bg3 Nxf4 22. Qf3 Bd6 23. Rf1 Ng6 24. Bxd6 Qxd6 25. c4 Rfe8 26. g3 Qd7 27. a5 bxa5 28. Nb3 a4 29. Nc5 Qc7 30. Nxa4 Qxc4 31. Nb2 Qxe4 0-1

[Event "Early-Titled-Tuesday-Blitz-September-05-2023"]
[Site "Chess.com"]
[Date "2023.09.05"]
[Round "6"]
[White "SCIM"]
[Black "cthulhuuu"]
[Result "1-0"]
[WhiteElo "2622"]
[BlackElo "2460"]
[TimeControl "180+1"]
[EndTime "9:05:48 PDT"]
[Termination "SCIM won on time"]

1. d4 Nf6 2. c4 e5 3. dxe5 Ng4 4. e4 Nxe5 5. f4 Nec6 6. Nc3 Bc5 7. Na4 Bb4+ 8. Bd2 Qe7 9. Bd3 f5 10. e5 Bxd2+ 11. Qxd2 d6 12. O-O-O dxe5 13. fxe5 Nxe5 14. Nc3 c6 15. Nf3 Nxd3+ 16. Qxd3 O-O 17. Rhe1 Qf6 18.
Ne5 Na6 19. c5 Be6 20. Nxc6 Nxc5 21. Qd6 Ne4 22. Nxe4 fxe4 23. Ne7+ Kh8 24. Rxe4 Bg8 25. Qxf6 Rxf6 26. Nxg8 Kxg8 27. Re7 Rf7 28. Rxf7 Kxf7 29. Rd7+ Kf6 30. Rxb7 Re8 31. Rxa7 Re2 32. a4 Rxg2 33. h4 Rh2 34. a5 Rxh4 35. Kc2 Ra4 36. b3 Ra2+ 37.
Kb1 Re2 38. Rb7 1-0

[Event "Early-Titled-Tuesday-Blitz-September-05-2023"]
[Site "Chess.com"]
[Date "2023.09.05"]
[Round "6"]
[White "venturov"]
[Black "Nf3c5"]
[Result "1-0"]
[WhiteElo "2437"]
[BlackElo "2601"]
[TimeControl "180+1"]
[EndTime "9:05:48 PDT"]
[Termination "venturov won by checkmate"]

1. e4 c5 2. Nf3 Nc6 3. d4 cxd4 4. Nxd4 e5 5. Nb5 d6 6. g3 h5 7. h3 h4 8. g4 Be7 9. Bg2 Be6 10. O-O a6 11.
N5c3 Bg5 12. Bxg5 Qxg5 13. Qxd6 Rd8 14. Qc5 Nd4 15. f4 Qe7 16. Qxe7+ Nxe7 17. f5 Bc4 18. Rf2 f6 19. Na3 Bf7 20. Rd1 b5 21. Nd5 Bxd5 22.
exd5 Nxd5 23. c3 Ne3 24. Re1 Nxg2 25. Kxg2 Nc6 26. Nc2 Kf7 27. Ne3 Rd7 28. g5 fxg5 29. Ng4 Re8 30. f6 Rd3 31. fxg7+ Kxg7 32. Ref1 Rg3+ 33.
Kh2 Nd8 34. Rf5 Kg6 35. Rf6+ Kg7 36. R1f5 e4 37. Rxg5+ Kh7 38. Rh6# 1-0

[Event "Early-Titled-Tuesday-Blitz-September-05-2023"]
[Site "Chess.com"]
[Date "2023.09.05"]
[Round "6"]
[White "WelshTiger"]
[Black "AlexandraSamaganova"]
[Result "1-0"]
[WhiteElo "2475"]
[BlackElo "2273"]
[TimeControl "180+1"]
[EndTime "9:05:48 PDT"]
[Termination "WelshTiger won on time"]

1. Nf3 c5 2. c3 Nf6 3. g3 Nc6 4. Bg2 e6 5. O-O d5 6. d3 Be7 7. Nbd2 O-O 8. Qc2 Rb8 9. e4 b5 10. a3 a5 11. Re1 b4 12. axb4 axb4 13. c4 dxc4 14. Nxc4 b3 15. Qc3 Nd4 16. Nxd4 cxd4 17. Qa5 Qd7 18. Bf4 Rb5 19. Qa4 Rb4 20. Qa7 Rb7 21.
Qa4 Qd8 22. Ne5 Bd7 23. Nxd7 Qxd7 24. e5 Nd5 25. Qxd4 Rc8 26. Bxd5 exd5 27. Rec1 Rbc7 28. Rxc7 Qxc7 29. Ra7 Qc2 30. Rxe7 h6 31. e6 f6 32.
Bxh6 Qd1+ 33. Kg2 Qh5 34. Rxg7+ Kh8 35. Qxf6 1-0

[Event "Early-Titled-Tuesday-Blitz-September-05-2023"]
[Site "Chess.com"]
[Date "2023.09.05"]
[Round "6"]
[White "nss13"]
[Black "Andrei_Skvortsov"]
[Result "0-1"]
[WhiteElo "2498"]
[BlackElo "2641"]
[TimeControl "180+1"]
[EndTime "9:05:51 PDT"]
[Termination "Andrei_Skvortsov won by resignation"]

1. e4 d5 2. exd5 Qxd5 3. Nc3 Qe5+ 4. Be2 Bg4 5. d4 Bxe2 6. Ncxe2 Qb5 7. Nf3 Nf6 8. c3 e6 9. Qb3 a6 10. Bf4 Nd5 11. Bg3 Nc6 12. c4 Qxb3 13. axb3 Ndb4 14. O-O O-O-O 15. Rfd1 f6 16. Ne1 Ne7 17. Nd3 Nc2 18. Rac1 Nxd4 19. Nxd4 Rxd4 20. Nc5 Rxd1+ 21. Rxd1 e5 22.
Ne6 Nc6 23. f4 Rg8 24. fxe5 fxe5 25. Bxe5 Bc5+ 26. Nxc5 Nxe5 27. Re1 Nd7 28. Ne4 Kd8 29. Ng5 Nf6 30. h3 Re8 31. Rxe8+ Kxe8 32. Ne6 Ne4 33. Nxc7+ Kd7 34. Nd5 Nd2 35. Kf2 Nxb3 36. Ke3 Kd6 37. Kd3 Ke5 38. Kc3 Nc5 39. Nb6 Ne4+ 40. Kd3 Nf6 41.
b4 g5 42. c5 h6 43. Nc4+ Kd5 44. Nd6 b6 45. Nf5 bxc5 46. bxc5 h5 47. Ne3+ Kxc5 48. g3 a5 49. h4 g4 50. Ng2 Nd5 51. Nf4 Nxf4+ 52.
gxf4 Kd5 0-1

[Event "Early-Titled-Tuesday-Blitz-September-05-2023"]
[Site "Chess.com"]
[Date "2023.09.05"]
[Round "6"]
[White "Bobbybunny"]
[Black "enkhtuul"]
[Result "1-0"]
[WhiteElo "2164"]
[BlackElo "2350"]
[TimeControl "180+1"]
[EndTime "9:05:51 PDT"]
[Termination "Bobbybunny won on time"]

1. e4 Nf6 2. e5 Nd5 3. Qf3 e6 4. Nc3 Nxc3 5. dxc3 Nc6 6. Qg3 d6 7. Bb5 Bd7 8. Bxc6 Bxc6 9. Bf4 h6 10. h4 dxe5 11. Bxe5 Qd5 12. Nf3 O-O-O 13. O-O Bd6 14. Rfd1 Bxe5 15. Nxe5 Qxd1+ 16. Rxd1 Rxd1+ 17. Kh2 g5 18. Nxf7 Rf8 19. Ne5 Be4 20. Qg4 Bxc2 21. Qxe6+ Kd8 22.
Nf7+ Rxf7 23. Qxf7 Rd6 24. Qg8+ Kd7 25. hxg5 hxg5 26.
Qxg5 Bg6 27. f4 Bf7 28. f5 Bd5 29. g4 Rb6 30. Qg7+ Kc6 31. b3 Kc5 32. Qd4+ 1-0

[Event "Early-Titled-Tuesday-Blitz-September-05-2023"]
[Site "Chess.com"]
[Date "2023.09.05"]
[Round "6"]
[White "Dixit_Nikhil"]
[Black "MrBad74"]
[Result "1-0"]
[WhiteElo "2496"]
[BlackElo "2355"]
[TimeControl "180+1"]
[EndTime "9:05:53 PDT"]
[Termination "Dixit_Nikhil won on time"]

1. a4 d5 2. h4 c6 3. b3 Bf5 4.
Bb2 Nd7 5. h5 e5 6. e3 a5 7. Be2 h6 8. Nf3 Bd6 9. Nh4 Bh7 10. g4 Ne7 11. d3 Qc7 12. Nd2 O-O-O 13. Ndf3 f6 14. Kd2 Kb8 15. Kc1 Bb4 16. Kb1 Ka8 17. Ka2 Rb8 18. c3 Bd6 19. d4 e4 20.
Nd2 c5 21. c4 Rhc8 22. Ng6 Nxg6 23. hxg6 Bg8 24. cxd5 Bxd5 25. Bc4 Qc6 26. Qe2 Nb6 27. Bb5 Qc7 28. Nc4 Nxc4 29. bxc4 Be6 30. d5 Bd7 31. Bc3 Bxb5 32. axb5 b6 33. Qc2 Re8 34. Rh5 Kb7 35.
Rah1 Ra8 36. Rf5 Be5 37. Rhh5 Bxc3 38. Qxc3 a4 39. Ka3 Qd6 40. Rf4 Re7 41. Qc2 Rae8 42. Rhf5 Ra8 43. Qd1 Re5 44. Qh1 Rxf5 45. Rxf5 Qe7 46.
Qa1 Qd6 47. Rf4 Re8 48. Qc3 Re7 49. Qc2 Qe5 50. Qb2 1-0

[Event "Early-Titled-Tuesday-Blitz-September-05-2023"]
[Site "Chess.com"]
[Date "2023.09.05"]
[Round "6"]
[White "Druid24"]
[Black "DeArron_Fox"]
[Result "1-0"]
[WhiteElo "2660"]
[BlackElo "2518"]
[TimeControl "180+1"]
[EndTime "9:05:55 PDT"]
[Termination "Druid24 won by resignation"]

1. e4 c5 2. Nc3 e6 3. Nf3 a6 4. d4 cxd4 5. Nxd4 b5 6. g3 Bb7 7. Bg2 Nf6 8. a3 Qc7 9. O-O Nc6 10. Nxc6 Bxc6 11. Re1 Bc5 12. Nd5 Bxd5 13. exd5 Rc8 14. Bf4 Qa7 15. Re2 O-O 16. Qd3 Rfe8 17. dxe6 dxe6 18.
Rf1 h6 19. Be5 Ng4 20. Bc3 Rcd8 21. Qf3 f5 22. h3 Nf6 23. Rfe1 Qf7 24. Re5 Bb6 25.
a4 bxa4 26. Qe2 Rc8 27. Qxa6 Bc5 28. Rxe6 Rxe6 29. Qxe6 Qxe6 30. Rxe6 a3 31. bxa3 Bxf2+ 32. Kxf2 Rxc3 33. a4 Rxc2+ 34. Re2 Rc4 35. Ra2 Ne4+ 36. Ke3 Rc3+ 37. Kf4 Nxg3 38. a5 g5+ 39. Ke5 Rc5+ 40. Kd6 Rc8 41. a6 Ne4+ 42. Ke5 Nc5 43. a7 f4 44. a8=Q Rxa8 45. Rxa8+ Kg7 46. Ra7+ Kg6 47. Be4+ Kh5 48. Rh7 Nb3 49. Bf3+ Kh4 50. Rxh6+ Kg3 51. Bg4 f3 52. Rf6 f2 53. Be2 Nd2 54. Rf5 Kxh3 55. Rxf2 Kg3 56. Rf5 g4 57. Rf4 Nf3+ 58. Bxf3 gxf3 59.
Ke4 f2 60. Ke3 1-0

[Event "Early-Titled-Tuesday-Blitz-September-05-2023"]
[Site "Chess.com"]
[Date "2023.09.05"]
[Round "6"]
[White "stepanosinovsky"]
[Black "jcmesafischer"]
[Result "1-0"]
[WhiteElo "2321"]
[BlackElo "2467"]
[TimeControl "180+1"]
[EndTime "9:05:55 PDT"]
[Termination "stepanosinovsky won by checkmate"]

1. Nf3 d5 2. g3 Nf6 3. Bg2 c5 4. O-O Nc6 5. d3 g6 6. Nbd2 Bg7 7. e4 e6 8. Re1 O-O 9. c3 b6 10. a4 Ba6 11. exd5 Nxd5 12. Nc4 Rc8 13. h4 Qd7 14. h5 Rfd8 15. hxg6 hxg6 16. Bg5 Bf6 17. Qd2 Kg7 18. Rad1 Bxg5 19. Qxg5 Nf6 20. Nce5 Nxe5 21. Nxe5 Qd6 22. d4 Ng8 23. Bf3 cxd4 24. Rxd4 Qe7 25. Qe3 Rxd4 26. Qxd4 Rd8 27. Qf4 Qf6 28. Qe3 Ne7 29. c4 Nf5 30.
Qc3 Nd4 31. Bg2 Bc8 32. b4 a5 33. bxa5 bxa5 34. Qxa5 Rd6 35. Qc7 Qd8 36. Qxf7+ Kh6 37. Qxg6# 1-0

[Event "Early-Titled-Tuesday-Blitz-September-05-2023"]
[Site "Chess.com"]
[Date "2023.09.05"]
[Round "6"]
[White "the-gambler"]
[Black "Irina_Mikhaylova"]
[Result "1-0"]
[WhiteElo "2470"]
[BlackElo "2305"]
[TimeControl "180+1"]
[EndTime "9:05:55 PDT"]
[Termination "the-gambler won on time"]

1. b3 Nf6 2. Bb2 c5 3. g3 Nc6 4. Bg2 d5 5. e3 g6 6. Bxf6 exf6 7.
c4 d4 8. Ne2 Bg7 9. e4 f5 10.
O-O O-O 11. d3 fxe4 12. Bxe4 Qc7 13. Nf4 Ne5 14. a3 Kh8 15. Nd5 Qd8 16. b4 Bh3 17. Bg2 Bxg2 18. Kxg2 b6 19. f4 Nc6 20. Nd2 Ne7 21.
Nxe7 Qxe7 22. Re1 Qd6 23. Ne4 Qc6 24. Qf3 Rac8 25. Ng5 h6 26. Qxc6 Rxc6 27. Ne4 Re8 28. bxc5 bxc5 29. Nd2 Rce6 30. Kf2 g5 31. Rxe6 Rxe6 32.
Ne4 Rb6 33. Nxc5 Rb2+ 34. Kg1 f5 35. Ne6 g4 36. Rc1 1-0

[Event "Early-Titled-Tuesday-Blitz-September-05-2023"]
[Site "Chess.com"]
[Date "2023.09.05"]
[Round "6"]
[White "MasterKroket"]
[Black "Aanna12"]
[Result "1/2-1/2"]
[WhiteElo "2403"]
[BlackElo "2043"]
[TimeControl "180+1"]
[EndTime "9:05:55 PDT"]
[Termination "Game drawn by repetition"]

1. e4 c5 2. Nf3 d6 3. d4 cxd4 4. Nxd4 Nf6 5. Nc3 a6 6. Be3 e5 7. Nb3 Be7 8. f3 Be6 9. Qd2 h5 10. O-O-O Nbd7 11. Nd5 Nxd5 12. exd5 Bf5 13. Bd3 Bxd3 14.
Qxd3 Bg5 15. Kb1 Bxe3 16. Qxe3 O-O 17. c4 b5 18. c5 dxc5 19. Nxc5 Nxc5 20. Qxc5 Rc8 21.
Qe3 Qd6 22. Rd2 Rc4 23. Rhd1 Rfc8 24. Qg5 g6 25. g4 hxg4 26. fxg4 a5 27. Re2 Re8 28.
h4 a4 29. h5 a3 30. hxg6 fxg6 31. Rf1 axb2 32. Rxb2 Rf4 33. Rc1 Qf6 34. Qxf6 Rxf6 35. Rxb5 e4 36. Re1 e3 37. Kc2 Rf2+ 38. Kd3 Rxa2 39. Re2 Ra3+ 40. Kd4 Ra4+ 41. Kc5 Rxg4 42. Rb3 Rge4 43. d6 Kf7 44. Kc6 R8e6 45. Kd7 R6e5 46. Rb1 Rd5 47. Rf1+ Kg7 48. Rf3 Red4 49. Rfxe3 Rxd6+ 50. Ke7 Rd7+ 51. Ke6 R7d6+ 52. Ke5 R6d5+ 53. Ke6 Rd6+ 54. Ke5 R6d5+ 55. Ke6 Rd6+ 1/2-1/2

[Event "Early-Titled-Tuesday-Blitz-September-05-2023"]
[Site "Chess.com"]
[Date "2023.09.05"]
[Round "6"]
[White "Gogolev_Artemy"]
[Black "nassimzrikem"]
[Result "0-1"]
[WhiteElo "2408"]
[BlackElo "2245"]
[TimeControl "180+1"]
[EndTime "9:05:55 PDT"]
[Termination "nassimzrikem won on time"]

1. d4 Nf6 2. c4 e6 3. g3 d5 4.
Bg2 Bd6 5. Nf3 Nc6 6. O-O dxc4 7. Qa4 O-O 8. Qxc4 e5 9. Nc3 exd4 10. Nxd4 Nxd4 11.
Qxd4 Qe7 12. Bg5 Be5 13. Qh4 h6 14. Nd5 Qd6 15. Bxf6 Bxf6 16. Nxf6+ Qxf6 17. Qxf6 gxf6 18. Rad1 c6 19. Rd4 Be6 20. a3 Rfd8 21. Rfd1 Rxd4 22.
Rxd4 Kf8 23. f4 Ke7 24. Kf2 Rd8 25. Rxd8 Kxd8 26. e4 c5 27. Ke3 b5 28. Bf3 Kc7 29. g4 a5 30. h4 b4 31. f5 Bb3 32. e5 fxe5 33. f6 Kd6 34. g5 hxg5 35. hxg5 c4 36.
axb4 axb4 37. Be4 Ke6 38. Bh7 c3 39. Bb1 cxb2 40. Kd2 Bd5 0-1

[Event "Early-Titled-Tuesday-Blitz-September-05-2023"]
[Site "Chess.com"]
[Date "2023.09.05"]
[Round "6"]
[White "twofoxniel"]
[Black "vishwa_vijeta"]
[Result "1-0"]
[WhiteElo "2664"]
[BlackElo "2521"]
[TimeControl "180+1"]
[EndTime "9:05:56 PDT"]
[Termination "twofoxniel won by checkmate"]

1. e4 c5 2. c3 d5 3. exd5 Qxd5 4. d4 Nc6 5. Nf3 Bf5 6. Be3 Nf6 7. Be2 Bxb1 8.
Rxb1 cxd4 9. Nxd4 Nxd4 10. Bxd4 e6 11. Bf3 Qd7 12. Qb3 Nd5 13. O-O O-O-O 14. Bxa7 Bd6 15. Ra1 Qc7 16. g3 b6 17. Bxd5 Qxa7 18. Bg2 Qc7 19.
a4 Kd7 20. a5 bxa5 21. Qb5+ Ke7 22. Rxa5 Rb8 23. Qa4 Bc5 24. b4 Bb6 25. Ra6 Rhd8 26.
c4 Bd4 27. c5 Qe5 28. c6 Qc7 29. b5 Bb6 30. Qe4 g6 31. Qh4+ Kf8 32. Qxh7 Bd4 33. Qh6+ Kg8 34. Qg5 Bb6 35. h4 Bd4 36. h5 Kg7 37. hxg6 fxg6 38. Be4 Qf7 39. c7 Qxc7 40. Qxg6+ Kf8 41. Rxe6 Rd7 42. Bc6 Rg7 43. Re8+ Rxe8 44.
Qxe8# 1-0

[Event "Early-Titled-Tuesday-Blitz-September-05-2023"]
[Site "Chess.com"]
[Date "2023.09.05"]
[Round "6"]
[White "Vaibhavraut99"]
[Black "bascheyaro"]
[Result "0-1"]
[WhiteElo "2573"]
[BlackElo "2809"]
[TimeControl "180+1"]
[EndTime "9:05:57 PDT"]
[Termination "bascheyaro won on time"]

1. Nf3 d5 2. e3 Nf6 3. Be2 c5 4. b3 Nc6 5. Bb2 Bf5 6. O-O e6 7. d4 Rc8 8. c4 dxc4 9. Bxc4 a6 10. a4 cxd4 11. Nxd4 Nxd4 12. Qxd4 Qxd4 13. Bxd4 Bb4 14. Nc3 O-O 15. Na2 Be7 16. f3 Bg6 17. Rfd1 Rfd8 18.
Kf1 Nd5 19. Bxd5 Rxd5 20. Rac1 Rdd8 21. Rxc8 Rxc8 22. Bc3 Bc2 23. Rd7 Bxb3 24. Rxe7 Bxa2 25. Rxb7 f6 26. Bd4 e5 27. Bb6 Rc1+ 28. Kf2 Rc2+ 29.
Kg3 h5 30. h4 Rb2 31. a5 Bc4 32. Rb8+ Kf7 33. Rb7+ Kg6 34. f4 Bd5 35. Rd7 Rxg2+ 36. Kh3 Rd2 37. f5+ Kxf5 38. Rxg7 Ke4 39. Rg1 f5 40.
Rg5 Be6 41. Rxh5 f4+ 0-1

[Event "Early-Titled-Tuesday-Blitz-September-05-2023"]
[Site "Chess.com"]
[Date "2023.09.05"]
[Round "6"]
[White "Shuvalov"]
[Black "effefe"]
[Result "1-0"]
[WhiteElo "2494"]
[BlackElo "2352"]
[TimeControl "180+1"]
[EndTime "9:05:57 PDT"]
[Termination "Shuvalov won by checkmate"]

1. d4 Nf6 2. c4 g6 3. Nc3 Bg7 4. e4 d6 5. Nf3 O-O 6. Be2 e5 7.
O-O Nc6 8. d5 Ne7 9. Ne1 Nd7 10.
f3 f5 11. g4 h5 12. g5 f4 13. h4 a5 14. Rf2 Nc5 15. b3 c6 16. Ba3 cxd5 17. cxd5 Bd7 18. Rc1 Qb6 19. Kg2 Rfc8 20. Bf1 Rc7 21. Rfc2 Rac8 22. Bxc5 Rxc5 23. Nd3 R5c7 24.
Nb2 Bf8 25. Nc4 Qd4 26. a4 Qxd1 27. Rxd1 Kg7 28. Rdc1 Ng8 29. Kh2 Rc5 30. Bh3 Bxh3 31.
Kxh3 Be7 32. Nb5 Kf8 33. Kg2 Kg7 34. Kf2 Kf8 35. Ke2 Kg7 36. Kd3 Kf8 37. Ncxd6 Bxd6 38. Nxd6 Rxc2 39. Rxc2 Rxc2 40. Kxc2 b6 41. Nc8 Ne7 42. Nxe7 Kxe7 43. Kc3 Kd7 44. Kc4 Kc7 45. Kb5 Kb7 46.
d6 Kb8 47. Kc6 Kc8 48. d7+ Kd8 49. Kd6 b5 50. axb5 a4 51. b6 axb3 52. b7 b2 53.
b8=Q# 1-0

[Event "Early-Titled-Tuesday-Blitz-September-05-2023"]
[Site "Chess.com"]
[Date "2023.09.05"]
[Round "6"]
[White "AlphaPerseii"]
[Black "Maus7"]
[Result "0-1"]
[WhiteElo "2382"]
[BlackElo "2484"]
[TimeControl "180+1"]
[EndTime "9:05:57 PDT"]
[Termination "Maus7 won on time"]

1. d4 Nf6 2. c4 e6 3. Nc3 Bb4 4. e3 O-O 5. Bd3 d5 6. Bd2 dxc4 7. Bxc4 b6 8. Qf3 c6 9. Nge2 Bb7 10. g4 Be7 11. Rg1 Nd5 12. e4 Nxc3 13. bxc3 c5 14. g5 cxd4 15. cxd4 Nc6 16. Be3 Rc8 17. Kf1 Ne5 18.
dxe5 Rxc4 19. Rg4 Qd3 20. h4 Rc2 21. Re1 Bb4 22. Rb1 Ba6 23. Rxb4 Qd1+ 24. Kg2 Bxe2 25. Qg3 Bxg4 26. Rd4 Qe2 27. Rd7 Bh5 28. Kh3 Qf1+ 29.
Kh2 Re2 30. Rd2 Re1 31. Qg2 Rc8 32. Rd7 g6 0-1

[Event "Early-Titled-Tuesday-Blitz-September-05-2023"]
[Site "Chess.com"]
[Date "2023.09.05"]
[Round "6"]
[White "JeRoma71"]
[Black "OparinGrigoriy"]
[Result "0-1"]
[WhiteElo "2826"]
[BlackElo "2998"]
[TimeControl "180+1"]
[EndTime "9:05:58 PDT"]
[Termination "OparinGrigoriy won by resignation"]

1. Nf3 Nf6 2. g3 c5 3. Bg2 Nc6 4. O-O e5 5. c4 d5 6. cxd5 Nxd5 7.
Nc3 Nc7 8. b3 Be7 9. Bb2 O-O 10.
Rc1 Bd7 11. e3 Ne6 12. Nd5 Bd6 13. d4 cxd4 14. exd4 exd4 15. Nxd4 Ncxd4 16. Bxd4 Nxd4 17. Qxd4 Be6 18. Rfd1 Ba3 19. Rb1 Bf5 20. Be4 Bxe4 21. Qxe4 Re8 22. Qf3 Bf8 23. Rd3 Rc8 24. Rbd1 Qa5 25.
a4 Rc6 26. Kg2 Qc5 27. Rc3 Qd6 28. Rxc6 Qxc6 29. Nf4 Qc7 30. Qd5 Rc8 31. Rd3 g6 32. h4 Bh6 33. Ne2 Bg7 34. Ng1 h5 35. Nf3 Bf6 36.
Qd7 Kg7 37. Ng5 Qc6+ 38. Qxc6 Rxc6 39. Ne4 Rb6 40. Rd7 Rxb3 41. Nd6 Kg8 42. Rxf7 Be5 43. Rxb7 Rxb7 44. Nxb7 Kf7 45. Nd8+ Kf6 46. Nc6 a6 47. Nxe5 Kxe5 48. Kf3 Kd4 49. g4 a5 0-1

[Event "Early-Titled-Tuesday-Blitz-September-05-2023"]
[Site "Chess.com"]
[Date "2023.09.05"]
[Round "6"]
[White "jlf287"]
[Black "kikoveiga"]
[Result "0-1"]
[WhiteElo "2475"]
[BlackElo "2601"]
[TimeControl "180+1"]
[EndTime "9:05:58 PDT"]
[Termination "kikoveiga won on time"]

1. d4 Nf6 2. c4 e6 3. g3 Bb4+ 4. Nd2 d5 5. Bg2 O-O 6. Nf3 dxc4 7. Qc2 b5 8. a3 Bxd2+ 9. Bxd2 Bb7 10. b3 cxb3 11.
Qxb3 a6 12. a4 Nc6 13. e3 Qd5 14. Qc2 Qd6 15. O-O b4 16. Rfc1 a5 17. Ne1 Ra6 18. Nd3 Nd7 19. Nc5 Nxc5 20. Qxc5 Qd7 21. Rc4 Rc8 22.
Rac1 Nd8 23. Bf1 Raa8 24. Qg5 h6 25. Qf4 c6 26. Rc5 Ba6 27. Bg2 Bd3 28. h4 b3 29.
Bc3 Nb7 30. Re5 Nd6 31. e4 Nc4 32. Rh5 b2 33. Bxb2 Nxb2 34. d5 cxd5 0-1

[Event "Early-Titled-Tuesday-Blitz-September-05-2023"]
[Site "Chess.com"]
[Date "2023.09.05"]
[Round "6"]
[White "WildTricks"]
[Black "Logman74"]
[Result "1-0"]
[WhiteElo "2642"]
[BlackElo "2486"]
[TimeControl "180+1"]
[EndTime "9:05:59 PDT"]
[Termination "WildTricks won on time"]

1. Nf3 d5 2. g3 Nf6 3. Bg2 Bf5 4. O-O e6 5. d3 h6 6. c4 c6 7. cxd5 exd5 8. Nc3 Be7 9. Nd4 Bg6 10. e4 dxe4 11. dxe4 O-O 12. Re1 Bc5 13. Be3 Nbd7 14. h3 Re8 15.
Qb3 Qb6 16. Qc4 Nxe4 17. Nxc6 Bxe3 18. Rxe3 Nxc3 19. Ne7+ Rxe7 20. Rxe7 Qxb2 21. Rae1 Nf8 22. Rxb7 Qd2 23. Ree7 Kh8 24. Rbc7 Ne6 25. Bxa8 Nxc7 26. Rxc7 Ne2+ 27. Kg2 Qd1 28. Be4 Bxe4+ 29. Qxe4 Qg1+ 30. Kf3 1-0